Map: Tours du crépuscule

Players

Worming

  • Race: Zerg Zerg
  • League: Diamond

nikolai - Winner!

  • Race: Protoss Protoss
  • League: Diamond

VOD

Have the link to the VOD?

Description

Time

  • Played on: Dec. 13, 2015, 9:56 a.m.
  • Length: 8:57
Show
View Real Time Build Order
Export as new Build Order

Worming Zerg 

Build Orders: Hatch First 

Get SALT Encoding   

  12  0:01  Drone  
  13  0:12  Overlord  
  13  0:17  Drone  
  14  0:31  Drone x2  
  16  0:43  Drone  
  17  0:56  Drone  
  18  0:59  Hatchery  
  18  1:00  Extractor  
  16  1:04  Drone  
  17  1:16  Spawning Pool  
  16  1:19  Drone  
  16  1:23  Drone  
  18  1:31  Drone  
  19  1:44  Overlord  
  19  1:54  Drone  
  20  2:03  Queen  
  20  2:04  Zergling x2  
  20  2:07  Metabolic Boost  
  23  2:15  Queen  
  23  2:16  Zergling x4  
  27  2:24  Drone x2  
  29  2:35  Drone x2  
  31  2:42  Queen  
  31  2:43  Overlord  
  33  2:52  Drone  
  34  3:09  Drone x4  
  38  3:14  Roach Warren  
  36  3:22  Roach Warren  
  35  3:27  Hatchery  
  35  3:28  Zergling x6  
  35  3:30  Drone  
  37  4:00  Drone x7  
  37  4:01  Overlord  
  44  4:09  Evolution Chamber  
  43  4:11  Evolution Chamber  
  43  4:13  Overlord  
  43  4:14  Drone  
  43  4:15  Drone  
  43  4:25  Extractor  
  43  4:28  Drone x2  
  43  4:51  Zerg Ground Armor Level 1, Zerg Melee Weapons Level 1, Extractor  
  42  4:53  Drone  
  42  4:54  Drone x2  
  42  4:55  Extractor  
  42  4:56  Overlord  
  42  4:57  Drone x2  
  42  4:59  Drone x2  
  48  5:14  Drone x6  
  48  5:20  Spore Crawler  
  53  5:22  Spore Crawler  
  53  5:24  Spore Crawler  
  47  5:40  Drone x10  
  55  5:45  Lair  
  53  5:59  Roach x7  
  53  6:02  Roach x3  
  73  6:06  Roach  
  68  6:19  Roach x3  
  46  6:42  Drone x2  
  46  6:43  Drone x3  
  49  6:51  Drone  
  45  7:04  Drone  
  43  7:12  Drone  
  43  7:14  Zergling x2  
  45  7:28  Zergling x6  
  48  7:40  Drone x3  
  51  7:47  Drone x2  
  51  7:49  Drone  
  54  7:53  Drone  
  54  7:56  Drone  
  56  8:02  Overlord  
  56  8:05  Drone  
  57  8:20  Drone x4  
  57  8:21  Drone  
  57  8:23  Drone, Hydralisk Den  
  62  8:33  Zergling x4  
Show
View Real Time Build Order
Export as new Build Order

nikolai Protoss - Winner!

Build Orders: Nexus First 

Get SALT Encoding   

  12  0:01  Probe (Chrono Boost)  
  13  0:12  Probe (Chrono Boost)  
  14  0:21  Pylon  
  14  0:22  Probe (Chrono Boost)  
  15  0:39  Probe (Chrono Boost)  
  16  0:49  Probe (Chrono Boost)  
  17  1:02  Nexus  
  17  1:05  Probe (Chrono Boost)  
  18  1:17  Gateway  
  19  1:18  Probe (Chrono Boost)  
  19  1:24  Assimilator  
  19  1:28  Assimilator  
  19  1:29  Probe (Chrono Boost)  
  21  1:40  Probe (Chrono Boost)  
  21  1:43  Gateway  
  21  1:50  Probe (Chrono Boost)  
  22  2:01  Probe (Chrono Boost)  
  23  2:04  Cybernetics Core  
  23  2:14  Probe (Chrono Boost)  
  23  2:15  Probe (Chrono Boost)  
  25  2:24  Probe (Chrono Boost)  
  25  2:26  Probe (Chrono Boost)  
  27  2:35  Probe (Chrono Boost)  
  27  2:36  Probe (Chrono Boost)  
  29  2:41  Adept x2 (Chrono Boost)  
  29  2:42  Warp Gate  
  33  2:47  Probe  
  33  2:48  Mothership Core  
  36  2:53  Pylon  
  36  2:59  Probe  
  37  3:09  Probe  
  37  3:11  Probe  
  39  3:19  Adept x2 (Chrono Boost)  
  43  3:21  Probe  
  43  3:24  Probe  
  43  3:26  Stargate  
  45  3:28  Gateway  
  45  3:33  Probe  
  46  3:39  Pylon  
  46  3:46  Assimilator  
  46  3:50  Assimilator  
  46  3:55  Probe x2 (Chrono Boost)  
  46  4:05  Adept x2  
  46  4:06  Probe (Chrono Boost)  
  46  4:07  Probe (Chrono Boost)  
  52  4:14  Pylon  
  52  4:17  Probe x2 (Chrono Boost)  
  52  4:21  Adept  
  54  4:29  Pylon  
  54  4:30  Probe  
  54  4:32  Probe, Oracle (Chrono Boost)  
  59  4:44  Probe  
  60  4:46  Probe  
  61  4:54  Adept x2  
  61  4:56  Pylon  
  65  5:01  Probe  
  65  5:02  Probe  
  65  5:03  Oracle (Chrono Boost)  
  70  5:15  Adept x3, Pylon  
  76  5:35  Void Ray (Chrono Boost)  
  80  5:39  Probe  
  80  5:40  Probe  
  79  5:49  Sentry  
  81  5:50  Sentry x2  
  81  5:53  Nexus  
  81  5:55  Pylon  
  85  6:11  Probe x2  
  85  6:13  Void Ray (Chrono Boost)  
  85  6:17  Robotics Facility  
  91  6:19  Forge  
  85  6:33  Probe  
  85  6:34  Stalker x3  
  85  6:35  Probe  
  91  6:44  Probe  
  85  6:47  Probe  
  88  6:54  Void Ray (Chrono Boost)  
  88  6:56  Protoss Ground Weapons Level 1  
  88  6:58  Probe  
  88  6:59  Twilight Council  
  88  7:00  Probe  
  88  7:09  Probe  
  88  7:12  Probe  
  88  7:13  Stalker x3  
  88  7:14  Probe  
  93  7:18  Assimilator  
  93  7:20  Probe  
  93  7:22  Assimilator  
  94  7:24  Probe x2  
  96  7:30  Probe  
  96  7:31  Immortal (Chrono Boost)  
  96  7:36  Probe  
  102  7:47  Pylon  
  102  7:49  Gateway  
  102  7:51  Gateway  
  102  7:53  Stalker x3  
  102  7:55  Gateway  
  102  7:56  Gateway  
  108  8:00  Pylon  
  108  8:01  Gateway, Pylon  
  108  8:05  Pylon  
  108  8:07  Observer (Chrono Boost)  
  109  8:19  Sentry x2  
  113  8:20  Sentry  
  113  8:21  Nexus  
  113  8:23  Pylon  
  113  8:24  Robotics Bay  
  115  8:27  Robotics Facility  
  119  8:48  Stalker x3  
  119  8:49  Stalker x2  
Tags
 
Add a new tag
Caveats
  • Supply blocks, unpowered buildings, or Contaminate may cause inaccurate times.
  • Supply counts are checked every 10 seconds.